 Dungeon Crawl Stone Soup version 0.24.0-13-gcf9b319 (webtiles) character file.

Game seed: 6823948466375815971, levelgen mode: deterministic

35 Fang the Skirmisher (level 3, 0/36 HPs)
             Began as a Gargoyle Berserker on Nov 14, 2019.
             Was a Follower of Trog.
             Slain by a worm (7 damage)
             ... on level 2 of the Dungeon.
             The game lasted 00:00:55 (1416 turns).

Fang the Skirmisher (Gargoyle Berserker)            Turns: 1416, Time: 00:00:56

Health: 0/36       AC:  5    Str: 26    XL:     3   Next: 33%
Magic:  3/3        EV: 12    Int:  7    God:    Trog [*.....]
Gold:   62         SH:  0    Dex:  9    Spells: 2/2 levels left

rFire    . . .     SeeInvis .   a - +0 hand axe
rCold    . . .     Gourm    .   (no shield)
rNeg     + . .     Faith    .   b - +0 animal skin
rPois    ∞         Spirit   .   (no helmet)
rElec    +         Reflect  .   (no cloak)
rCorr    .         Harm     .   (no gloves)
MR       +....                  (no boots)
Stlth    ..........             (no amulet)
HPRegen  0.12/turn              e - ring of protection from magic
MPRegen  0.08/turn              (no ring)

@: berserking, very quick
A: negative energy resistance 1, electricity resistance, unbreathing,
petrification resistance, rot immunity, AC +3
a: Berserk, Renounce Religion


You were on level 2 of the Dungeon.
You worshipped Trog.
Trog was aware of your devotion.
You were not hungry.

You visited 1 branch of the dungeon, and saw 2 of its levels.

You collected 62 gold pieces.

Inventory:

Hand Weapons
 a - a +0 hand axe (weapon)
Armour
 b - a +0 animal skin (worn)
Jewellery
 e - a ring of protection from magic (left hand)
Scrolls
 f - 2 scrolls of identify {unknown}
 j - a scroll of remove curse {unknown}
Potions
 d - a potion of resistance {unknown}
 h - 2 potions of degeneration {unknown}
 i - a potion of curing {unknown}
Comestibles
 c - 3 rations


   Skills:
 + Level 3.7 Fighting
 + Level 3.0 Axes
 + Level 2.7 Armour
 + Level 2.0 Dodging


You had 2 spell levels left.
You didn't know any spells.
Your spell library was empty.

Dungeon Overview and Level Annotations

Branches:
Dungeon (2/15)

Altars:
Nemelex Xobeh


Innate Abilities, Weirdness & Mutations

You are resistant to torment.
Your stone body is resilient. (AC +3)
You are immune to poison.
You resist negative energy. (rN+)
You are resistant to electric shocks. (rElec)
You can survive without breathing.
You are immune to petrification.
You are immune to rotting.


Message History

You are too injured to fight recklessly!
You are too injured to fight recklessly!
You're too hungry.
You barely miss the worm.
The worm is heavily wounded.
The kobold shouts!
You hit the worm.
The worm is heavily wounded.
You hear an angry hiss.
The worm bites you but does no damage.
You hit the worm.
The worm is heavily wounded.
The worm closely misses you.
You eat one of the 4 rations.
That ration really hit the spot!
A red film seems to cover your vision as you go berserk!
You feel yourself moving faster!
You feel mighty!
You feel a lot more hungry. The ooze hits you.
* * * LOW HITPOINT WARNING * * *
The worm bites you!
You die...

.... ###.).#
....... ......#
## ....... #.
.......
##.##K......
#..#w....#
#@....##
......)J........
.............###
..........##..#
..........# #...
........#.# ##.
....#.###.#
.#..#. ..


You could see a worm, an ooze and a kobold.

Vanquished Creatures
  A worm (D:1)
  A leopard gecko (D:2)
  3 bats (D:1)
  5 goblins (D:1)
  6 hobgoblins (D:1)
  4 jackals (D:1)
  2 frilled lizards
  2 kobolds
  2 rats (D:1)
26 creatures vanquished.

Notes
Turn   | Place    | Note
-------+----------+-------------------------------------------
     0 | D:1      | Fang the Gargoyle Berserker began the quest for the Orb.
     0 | D:1      | Reached XP level 1. HP: 14/14 MP: 1/1
   680 | D:1      | Reached XP level 2. HP: 18/19 MP: 2/2
   707 | D:1      | Found a sparkling altar of Nemelex Xobeh.
   864 | D:1      | Reached XP level 3. HP: 21/23 MP: 3/3
  1416 | D:2      | Slain by a worm

Levels and vault maps discovered:
D:1:      evilmike_arrival_run_for_it, layout_loops_cross,
          nemelex_xobeh_ov_fountains_minmay
D:2:      layout_rooms, grunt_temple_overflow_magic_moments, minmay_heptomino_d4

Skill      XL: |  1  2  3 |
---------------+----------+-----
Dodging        | 2 |  2.0
Axes           | 3 |  3.0
Fighting       | |  3.7
Armour         | |  2.7

Action                   || total
-------------------------++-------
Melee: Hand axe          ||   103
Invok: Berserk           ||     2
  Eat: Ration            ||     1
       Chunk             ||     1
Armor: Animal skin       ||    24
Dodge: Dodged            ||    79
